 Dungeon Crawl Stone Soup version 0.21-a0-2-ge494091 (webtiles) character file.

901 nikopol the Skirmisher (level 8, 0/75 HPs)
             Began as a Gargoyle Berserker on May 21, 2017.
             Was a Priest of Trog.
             Slain by an iguana (6 damage)
             ... on level 5 of the Dungeon.
             The game lasted 00:15:37 (5068 turns).

nikopol the Skirmisher (Gargoyle Berserker)         Turns: 5068, Time: 00:15:37

Health: 0/75       AC: 15    Str: 28    XL:     8   Next: 7%
Magic:  8/8        EV: 12    Int:  8    God:    Trog [***...]
Gold:   415        SH:  0    Dex:  9    Spells: 7/7 levels left

rFire    . . .     SeeInvis .   a - +0 hand axe
rCold    . . .     Gourm    +   (no shield)
rNeg     + . .     Faith    .   h - +1 ring mail
rPois    ∞         Spirit   .   (no helmet)
rElec    +         Reflect  .   (no cloak)
rCorr    .         Harm     .   w - +2 pair of gloves
MR       +....                  (no boots)
Stlth    ..........             E - amulet of the gourmand
Regen    0.3/turn               o - ring of protection from magic
MPRegen  0.2/turn               (no ring)

@: berserking, very quick
A: negative energy resistance 1, electricity resistance, unbreathing,
petrification resistance, rot immunity, AC +5
a: Berserk, Trog's Hand, Burn Spellbooks, Renounce Religion


You were on level 5 of the Dungeon.
You worshipped Trog.
Trog was most pleased with you.
You were very full.

You visited 1 branch of the dungeon, and saw 5 of its levels.

You collected 415 gold pieces.

Inventory:

Hand Weapons
 a - a +0 hand axe (weapon)
 l - a +2 mace of crushing
 z - a +0 shortbow
Missiles
 x - 51 arrows
Armour
 b - a +0 animal skin
 e - a +0 pair of gloves
 h - a +1 ring mail (worn)
 w - a +2 pair of gloves (worn)
Jewellery
 o - a ring of protection from magic (left hand)
 E - an amulet of the gourmand (around neck)
Scrolls
 d - a scroll of magic mapping
 f - a scroll of fog {unknown}
 j - 3 scrolls of identify
 v - a scroll of amnesia
 y - a scroll of teleportation {unknown}
 A - 2 scrolls of recharging {unknown}
 C - a scroll of fear {unknown}
Potions
 g - 2 potions of flight {unknown}
 i - a potion of mutation {unknown}
 m - a potion of curing {unknown}
 n - 4 potions of might {unknown}
 q - 2 potions of agility {unknown}
 r - a potion of ambrosia {unknown}
 t - a potion of haste {unknown}
Comestibles
 c - 4 bread rations
 k - 3 royal jellies
 p - 4 chunks of flesh


   Skills:
 + Level 5.4 Fighting
 * Level 5.4 Axes
 + Level 0.6 Bows
 + Level 4.9 Armour
 + Level 3.9 Dodging


You had 7 spell levels left.
You didn't know any spells.

Dungeon Overview and Level Annotations

Branches:
Dungeon (5/15)             Temple (0/1) D:5

Altars:
Dithmenos
Fedhas
Kikubaaqudgha
Wu Jian
Zin


Innate Abilities, Weirdness & Mutations

You are resistant to torment.
Your stone body is resilient. (AC +5)
You are immune to poison.
You resist negative energy. (rN+)
You are resistant to electric shocks. (rElec)
You can survive without breathing.
You are immune to petrification.
You are immune to rotting.


Message History

The iguana bites you but does no damage.
You hit the iguana but do no damage. The iguana closely misses you.
You barely miss the iguana. The iguana misses you.
You closely miss the iguana.
You recover from your berserk rage.
The iguana bites you.
* * * LOW HITPOINT WARNING * * *
You barely miss the iguana. The iguana misses you.
You closely miss the iguana. The iguana closely misses you.
You closely miss the iguana. The iguana closely misses you.
You slash the iguana!
The iguana is severely wounded.
The iguana bites you!
* * * LOW HITPOINT WARNING * * *
You barely miss the iguana.
The iguana is severely wounded.
The iguana closely misses you.
A red film seems to cover your vision as you go berserk!
You feel yourself moving faster!
You feel mighty! The iguana bites you.
You die...

#.###..l.#
#.#.l..†.#
####.#....#.#
.....#...,#)#
####.#.$,,#.######
####.##,,,#......#
......#,**######.#
####.###* #l# #
#.#.# #@# ####.#.#
#.# .......# #<#
###..### ##.# #.##
#..# ###.# #.##
.##.# #.# .##.#
#.# ,,..# #.#


You could see an iguana.

Vanquished Creatures
  4 ogres
  A centaur (D:5)
  2 scorpions (D:4)
  A howler monkey (D:4)
  A crimson imp (D:5)
  The ghost of murphy the Digger, a weakling VSEE (D:4)
  2 orc priests (D:4)
  2 orc wizards (D:4)
  A hound skeleton (D:4)
  6 adders
  A shadow imp (D:5)
  A worm (D:3)
  2 dart slugs
  6 leopard geckos
  12 orcs
  2 ball pythons (D:1)
  7 bats
  3 giant cockroaches
  2 goblins
  5 hobgoblins
  9 jackals
  9 frilled lizards
  7 kobolds
  A leopard gecko skeleton (D:5)
  6 rats
94 creatures vanquished.

Vanquished Creatures (others)
  8 plants (D:5)
8 creatures vanquished.

Grand Total: 102 creatures vanquished

Notes
Turn   | Place    | Note
-------+----------+-------------------------------------------
     0 | D:1      | nikopol the Gargoyle Berserker began the quest for the Orb.
     0 | D:1      | Reached XP level 1. HP: 14/14 MP: 1/1
   280 | D:1      | Reached XP level 2. HP: 18/19 MP: 2/2
   969 | D:2      | Reached XP level 3. HP: 16/24 MP: 3/3
  1386 | D:2      | Reached ** piety under Trog
  1749 | D:3      | Reached XP level 4. HP: 16/29 MP: 4/4
  2535 | D:4      | Noticed an ogre
  2543 | D:4      | Killed an ogre
  2543 | D:4      | Reached XP level 5. HP: 18/33 MP: 5/5
  2716 | D:4      | Noticed an ogre
  2724 | D:4      | Killed an ogre
  2724 | D:4      | Reached XP level 6. HP: 38/39 MP: 6/6
  2985 | D:4      | Found a shadowy altar of Dithmenos.
  2985 | D:4      | Found a glowing silver altar of Zin.
  2993 | D:4      | Found an ancient bone altar of Kikubaaqudgha.
  2995 | D:4      | Found an ornate altar of the Wu Jian Council.
  2996 | D:4      | Found a blossoming altar of Fedhas.
  3167 | D:4      | Noticed murphy's ghost (weakling VSEE)
  3198 | D:4      | Killed murphy's ghost
  3720 | D:4      | Reached XP level 7. HP: 44/44 MP: 7/7
  4190 | D:5      | Entered Level 5 of the Dungeon
  4246 | D:4      | Reached *** piety under Trog
  4429 | D:5      | Reached skill level 5 in Fighting
  4510 | D:5      | Reached skill level 5 in Axes
  4924 | D:5      | Found a staircase to the Ecumenical Temple.
  5008 | D:5      | Reached XP level 8. HP: 12/50 MP: 8/8
  5068 | D:5      | Slain by an iguana

Vault maps used:
D:1:      lightli_arrival_quake
D:2:      first_bread, minmay_pentomino_o4
D:3:      kennysheep_generic_room_12
D:4:      chequers_temple_overflow_minitemple
D:5:      temple_green, minmay_lizard_king

Skill      XL: |  1  2  3  4  5  6  7 |
---------------+----------------------+-----
Axes           | 3 4 5 |  5.4
Dodging        | 2 3 |  3.9
Armour         | 3 4 |  4.9
Fighting       | 4 5 |  5.4
Bows           | |  0.6

Action                   |  1- 3 |  4- 6 |  7- 9 || total
-------------------------+-------+-------+-------++-------
Melee: Hand axe          |   138 |   114 |   145 ||   397
 Fire: Shortbow          |       |       |     5 ||     5
Invok: Berserk           |       |     2 |     4 ||     6
       Burn Spellbooks   |       |     1 |       ||     1
  Use: Scroll            |       |       |     8 ||     8
  Eat: Chunk             |     1 |     3 |    19 ||    23
       Fruit             |       |     2 |       ||     2
       Meat ration       |       |     1 |       ||     1
Armor: Animal skin       |    31 |       |       ||    31
       Ring mail         |    49 |    37 |    60 ||   146
Dodge: Dodged            |   113 |    52 |    78 ||   243
